Map: Rozkwit ER

Players

Ventura - Winner!

  • Race: Protoss Protoss
  • League: Silver
  • Spawn Location: 6:00

Zajkowski - Winner!

  • Race: Zerg Zerg
  • League: Gold
  • Spawn Location: 9:00

Legol

  • Race: Protoss Protoss
  • Spawn Location: 3:00

LittleBoy

  • Race: Terran Terran
  • Spawn Location: 12:00

VOD

Have the link to the VOD?

Description

Time

  • Played on: Dec. 26, 2019, 4:44 p.m.
  • Length: 13:23
Show
View Real Time Build Order
Export as new Build Order

Ventura Protoss - Winner!

Build Orders: 1 Gate Expand, Carriers 

Get SALT Encoding   

  12  0:00  Probe  
  13  0:16  Pylon  
  13  0:18  Probe  
  14  0:30  Probe (Chrono Boost)  
  15  0:36  Gateway  
  15  0:40  Probe (Chrono Boost)  
  16  0:46  Assimilator  
  16  0:47  Probe  
  17  0:59  Probe (Chrono Boost)  
  19  1:11  Probe (Chrono Boost)  
  19  1:16  Probe (Chrono Boost)  
  20  1:28  Cybernetics Core  
  20  1:39  Nexus  
  20  1:45  Pylon  
  21  1:47  Probe  
  21  1:59  Probe  
  22  2:04  Assimilator  
  22  2:05  Warp Gate  
  22  2:07  Stalker  
  24  2:11  Probe  
  25  2:27  Probe (Chrono Boost)  
  26  2:34  Robotics Facility  
  26  2:36  Probe (Chrono Boost)  
  27  2:39  Stalker  
  29  2:45  Probe  
  30  2:56  Probe (Chrono Boost)  
  32  3:04  Probe (Chrono Boost)  
  33  3:06  Probe (Chrono Boost)  
  33  3:11  Pylon, Probe (Chrono Boost)  
  33  3:12  Stalker  
  36  3:18  Probe (Chrono Boost)  
  37  3:20  Assimilator  
  37  3:22  Probe (Chrono Boost)  
  37  3:24  Observer  
  40  3:28  Probe x2 (Chrono Boost)  
  41  3:35  Stargate  
  41  3:39  Forge  
  41  3:40  Pylon  
  41  3:42  Probe  
  41  3:43  Probe  
  43  3:55  Probe x2  
  45  4:04  Pylon  
  45  4:10  Stalker  
  45  4:15  Probe x2  
  49  4:20  Protoss Air Weapons Level 1  
  49  4:25  Fleet Beacon  
  49  4:28  Probe x2  
  51  4:31  Assimilator  
  51  4:47  Probe x2  
  51  4:51  Nexus, Protoss Shields Level 1  
  53  4:53  Pylon  
  53  5:00  Probe x2  
  55  5:11  Pylon  
  55  5:12  Probe  
  55  5:13  Photon Cannon  
  56  5:16  Photon Cannon  
  56  5:19  Shield Battery  
  56  5:24  Carrier (Chrono Boost)  
  62  5:33  Probe x2  
  62  5:34  Pylon  
  64  5:41  Photon Cannon  
  64  5:45  Shield Battery  
  64  5:47  Probe x2  
  66  5:51  Stalker  
  66  5:58  Stargate  
  62  6:21  Carrier  
  62  6:24  Cybernetics Core  
  68  6:25  Stargate  
  68  6:26  Stargate  
  68  6:30  Probe  
  68  6:31  Probe x2  
  71  6:36  Assimilator  
  71  6:40  Assimilator  
  71  6:43  Probe x3  
  74  7:18  Probe (Chrono Boost)  
  74  7:19  Probe (Chrono Boost)  
  74  7:20  Probe (Chrono Boost)  
  74  7:21  Protoss Air Weapons Level 2  
  77  7:23  Protoss Air Armor Level 1  
  77  7:26  Carrier (Chrono Boost)  
  77  7:28  Probe x3 (Chrono Boost)  
  86  7:47  Nexus, Twilight Council  
  86  7:48  Pylon  
  86  7:49  Probe x3  
  89  8:01  Probe  
  89  8:04  Carrier x2 (Chrono Boost)  
  89  8:05  Carrier (Chrono Boost)  
  108  8:17  Photon Cannon  
  108  8:18  Photon Cannon  
  108  8:21  Shield Battery  
  108  8:23  Photon Cannon  
  108  8:32  Protoss Shields Level 2  
  108  8:50  Assimilator  
  108  8:52  Carrier (Chrono Boost)  
  114  8:56  Assimilator  
  114  9:05  Pylon  
  114  9:07  Pylon  
  114  9:09  Pylon  
  114  9:12  Pylon  
  114  9:14  Pylon  
  114  9:16  Pylon  
  114  9:30  Carrier x2 (Chrono Boost)  
  114  9:31  Carrier (Chrono Boost)  
  104  10:02  Carrier (Chrono Boost)  
  108  10:19  Protoss Air Weapons Level 3  
  102  10:27  Carrier  
  102  10:36  Carrier  
  102  10:38  Tempest  
  113  11:10  Probe x4  
  117  11:22  Probe x4  
  121  11:29  Carrier (Chrono Boost)  
  121  11:30  Carrier (Chrono Boost)  
  133  11:44  Carrier (Chrono Boost)  
  133  11:47  Carrier (Chrono Boost)  
Show
View Real Time Build Order
Export as new Build Order

Zajkowski Zerg - Winner!

Build Orders: Hatch First, Swarm Host 

Get SALT Encoding   

  12  0:03  Drone  
  13  0:10  Drone  
  14  0:37  Hatchery  
  14  0:42  Drone  
  14  0:49  Overlord  
  14  1:07  Spawning Pool  
  14  1:10  Drone  
  14  1:13  Drone  
  14  1:16  Drone  
  16  1:21  Extractor  
  16  1:22  Drone  
  16  1:33  Drone  
  17  1:43  Drone  
  18  1:49  Drone  
  18  1:53  Queen  
  21  1:55  Queen  
  21  1:59  Drone  
  24  2:12  Drone x3  
  27  2:16  Zergling x2  
  28  2:32  Overlord  
  28  2:33  Overlord  
  28  2:43  Extractor  
  27  2:47  Roach Warren, Drone x2  
  28  3:00  Drone x3  
  31  3:08  Drone x2  
  31  3:10  Drone x4  
  31  3:11  Drone  
  38  3:27  Lair  
  37  3:40  Drone x2  
  37  3:41  Drone x4  
  43  3:50  Overlord  
  43  3:52  Overlord  
  43  3:58  Extractor  
  43  4:01  Extractor, Queen  
  43  4:09  Drone x3  
  46  4:11  Drone x3  
  46  4:15  Roach  
  46  4:16  Roach x3  
  57  4:26  Overseer  
  57  4:34  Infestation Pit  
  57  4:36  Queen  
  58  4:39  Evolution Chamber x2  
  58  4:40  Drone x2  
  58  4:41  Drone  
  58  4:43  Overlord  
  58  4:45  Nydus Network  
  58  5:04  Drone  
  58  5:05  Drone  
  60  5:09  Roach x4  
  60  5:11  Overlord  
  60  5:12  Overlord x2  
  68  5:32  Roach x7  
  68  5:35  Ravager x6  
  88  5:56  Zerg Ground Armor Level 1, Zerg Missile Weapons Level 1  
  88  6:10  Glial Reconstitution  
  88  6:12  Swarm Host  
  86  7:03  Swarm Host  
  86  7:04  Swarm Host  
  86  7:06  Overlord x2  
  86  7:07  Overlord  
  85  7:39  Swarm Host x5  
  85  7:40  Swarm Host x2  
  85  7:42  Roach  
  85  7:43  Roach x4  
  116  7:44  Overlord  
  116  7:45  Overseer  
  116  8:05  Hatchery  
  116  8:07  Nydus Canal  
  116  8:10  Overseer  
  115  8:20  Roach x2  
  115  8:21  Roach x2, Overlord  
  115  8:22  Overlord x3  
  123  8:46  Roach x5  
  123  8:47  Roach  
  135  9:01  Nydus Canal  
  112  9:44  Zergling x20  
  112  9:45  Zergling x6  
  115  10:19  Roach  
  115  10:20  Roach x6  
  118  10:33  Roach  
  118  10:34  Roach  
  122  11:08  Roach x12  
  146  11:14  Metabolic Boost  
  135  11:47  Roach  
  135  11:48  Roach x9  
  135  11:50  Ravager x4  
  159  12:02  Roach  
  161  12:12  Nydus Canal  
  148  12:52  Roach  
  148  12:53  Roach x6  
  148  12:54  Overlord  
  148  12:55  Overlord x8  
Show
View Real Time Build Order
Export as new Build Order

Legol Protoss 

Build Orders: Blink Stalkers 

Get SALT Encoding   

  12  0:01  Probe  
  13  0:13  Probe  
  14  0:19  Pylon  
  14  0:25  Probe  
  15  0:41  Gateway  
  15  0:43  Probe (Chrono Boost)  
  16  0:53  Probe (Chrono Boost)  
  16  0:54  Assimilator  
  17  0:58  Probe (Chrono Boost)  
  18  1:10  Probe (Chrono Boost)  
  19  1:22  Probe (Chrono Boost)  
  20  1:28  Probe (Chrono Boost)  
  21  1:36  Pylon, Probe  
  22  1:46  Nexus  
  22  1:57  Cybernetics Core  
  22  2:00  Probe  
  23  2:09  Assimilator  
  23  2:12  Probe  
  24  2:31  Warp Gate  
  24  2:33  Forge  
  24  2:35  Stalker  
  26  2:39  Probe (Chrono Boost)  
  27  2:50  Probe (Chrono Boost)  
  28  2:52  Gateway  
  28  2:59  Probe, Twilight Council  
  28  3:03  Probe  
  30  3:15  Photon Cannon  
  30  3:22  Photon Cannon  
  30  3:24  Probe  
  30  3:26  Probe  
  32  3:30  Blink (Chrono Boost)  
  32  3:49  Stalker x2  
  37  3:55  Probe x2  
  37  4:02  Pylon  
  38  4:07  Probe (Chrono Boost)  
  38  4:08  Probe (Chrono Boost)  
  40  4:14  Pylon  
  40  4:19  Probe (Chrono Boost)  
  40  4:24  Protoss Ground Weapons Level 1  
  42  4:26  Probe (Chrono Boost)  
  42  4:27  Probe (Chrono Boost)  
  42  4:29  Stalker  
  45  4:32  Probe (Chrono Boost)  
  45  4:38  Stalker  
  48  4:47  Robotics Facility  
  48  4:50  Probe, Photon Cannon  
  48  4:51  Probe  
  50  4:53  Photon Cannon  
  50  5:01  Assimilator  
  50  5:02  Probe  
  50  5:03  Stalker  
  50  5:05  Assimilator  
  53  5:20  Probe  
  53  5:21  Probe  
  55  5:32  Probe  
  57  5:50  Observer (Chrono Boost)  
  57  5:52  Stalker x2  
  61  6:05  Pylon  
  61  6:07  Pylon  
  61  6:08  Gateway  
  61  6:10  Pylon, Gateway  
  61  6:13  Pylon  
  61  6:29  Stalker x2  
  65  6:33  Nexus  
  65  6:34  Immortal  
  68  6:43  Probe x2  
  64  6:55  Probe  
  55  7:03  Stalker x3  
  55  7:05  Stalker  
  61  7:18  Immortal (Chrono Boost)  
  65  7:26  Templar Archives  
  65  7:28  Gateway  
  59  7:30  Gateway  
  59  7:32  Gateway  
  59  7:34  Stalker x2, Gateway  
  59  7:35  Stalker x2  
  67  7:43  Protoss Ground Weapons Level 2  
  67  7:58  Probe x3  
  70  8:00  Immortal (Chrono Boost)  
  74  8:07  Stalker x3  
  74  8:10  Probe x3  
  83  8:22  Probe x3  
  86  8:31  Warp Prism (Chrono Boost)  
  88  8:47  Pylon  
  88  8:50  Pylon  
  74  9:14  Probe (Chrono Boost)  
  75  9:18  Photon Cannon  
  75  9:19  Photon Cannon  
  76  9:24  Stalker x3, Probe (Chrono Boost)  
  76  9:25  Stalker x5  
  76  9:29  Probe (Chrono Boost)  
  93  9:40  Probe, Assimilator  
  93  9:44  Assimilator  
  90  9:53  Probe  
  53  10:07  Stalker x5  
  53  10:08  Stalker x3  
  65  10:27  Immortal  
  69  10:32  Zealot  
  69  10:33  Zealot x6  
  69  10:34  Zealot  
  79  10:54  Probe x3  
  79  10:56  High Templar x3  
  79  10:57  High Templar x3  
  84  11:00  Archon  
  84  11:01  Archon x2  
  84  11:02  Zealot x2  
  88  11:06  Probe x3  
  89  11:29  Stalker  
  89  11:30  Stalker x3  
  97  11:45  Warp Prism (Chrono Boost)  
  99  11:58  Photon Cannon  
  99  12:00  Stalker x6  
  111  12:01  Photon Cannon  
  85  12:49  High Templar  
  85  12:50  High Templar x3  
  89  12:54  Archon  
  89  12:55  Zealot x2  
  89  12:56  Zealot  
  93  13:09  Gateway  
  93  13:11  Gateway  
  93  13:13  Stalker  
  93  13:15  Gateway  
  93  13:17  Gateway  
Show
View Real Time Build Order
Export as new Build Order

LittleBoy Terran 

Build Orders: 2 Factory, Mech 

Get SALT Encoding   

  12  0:01  SCV  
  13  0:13  SCV  
  14  0:20  Supply Depot  
  14  0:26  SCV  
  15  0:31  Refinery  
  15  0:41  SCV  
  16  0:53  Barracks, SCV  
  17  1:05  SCV  
  18  1:19  SCV  
  19  1:31  SCV  
  20  1:40  Marine  
  20  1:45  Command Center  
  20  1:46  SCV  
  22  1:58  Orbital Command  
  22  2:17  Factory  
  22  2:22  Factory  
  22  2:24  SCV  
  22  2:29  Supply Depot  
  23  2:50  SCV  
  24  2:56  Supply Depot  
  24  2:58  SCV  
  25  3:06  SCV  
  25  3:10  SCV  
  27  3:14  Factory Tech Lab  
  27  3:15  Factory Reactor  
  27  3:18  SCV  
  28  3:20  Supply Depot  
  28  3:24  Refinery  
  28  3:27  Refinery  
  28  3:29  Orbital Command  
  28  3:31  SCV  
  29  3:43  SCV  
  29  3:47  Supply Depot  
  31  3:55  SCV  
  31  4:01  SCV  
  32  4:03  Hellion x2  
  32  4:04  Infernal Pre-Igniter  
  32  4:05  Siege Tank  
  39  4:13  SCV  
  39  4:16  Armory  
  40  4:20  SCV  
  41  4:24  Hellion  
  41  4:25  SCV, Hellion  
  46  4:32  SCV  
  46  4:37  SCV, Siege Tank  
  51  4:46  Hellion x2  
  51  4:49  SCV  
  56  4:57  SCV  
  57  5:01  Refinery  
  57  5:02  SCV  
  58  5:07  Hellion x2  
  58  5:09  SCV, Siege Tank  
  66  5:29  Hellion  
  68  5:42  Hellion  
  70  5:49  Supply Depot  
  70  5:50  Terran Vehicle Weapons Level 1  
  70  6:05  Siege Tank  
  70  6:06  Hellion  
  67  6:12  Supply Depot  
  67  6:18  SCV  
  67  6:24  Hellion  
  70  6:30  SCV  
  71  6:34  Supply Depot  
  71  6:35  Command Center  
  71  6:37  Siege Tank  
  58  6:57  Supply Depot  
  58  7:02  Hellion x2  
  62  7:09  Siege Tank  
  65  7:20  SCV  
  65  7:21  Factory  
  66  7:23  Hellion  
  66  7:24  Supply Depot, Hellion  
  70  7:41  Siege Tank  
  73  7:45  Terran Vehicle And Ship Armor Level 1  
  73  7:47  Orbital Command, Supply Depot  
  75  7:51  Hellion x2  
  77  8:10  Supply Depot  
  77  8:13  Siege Tank, Hellion x2  
  77  8:16  Factory Tech Lab  
  82  8:33  Supply Depot  
  84  8:34  Hellion x2  
  86  8:46  Siege Tank  
  91  8:55  Hellion  
  91  8:56  Hellion  
  91  8:58  Supply Depot  
  91  9:17  Hellion x2  
  59  9:38  Thor  
  59  9:39  Thor  
  59  9:43  Hellion  
  59  9:44  Hellion  
  69  10:05  Hellion x2  
  62  10:21  Thor  
  62  10:22  Thor  
  62  10:26  Hellion x2  
  69  10:48  Hellion x2  
  73  11:04  Thor  
  73  11:05  Thor  
  73  11:09  Hellion x2  
  89  11:30  Hellion  
  89  11:31  Hellion  
  93  11:33  Command Center  
  91  11:47  Siege Tank  
  91  11:48  Siege Tank  
  88  12:19  Siege Tank  
  88  12:20  Siege Tank  
Tags
 
Add a new tag
Caveats
  • Supply blocks, unpowered buildings, or Contaminate may cause inaccurate times.
  • Supply counts are checked every 10 seconds.